BSA
NASHVILLE G-STRINGS @ NASSAU ROCKETS
05/14/2028
 
TOP OF THE 1ST
Nashville G-Strings batting - Pitching for Nassau Rockets : RHP Tomás Molina
Pitching: RHP Tomás Molina
Batting: RHB Javier Deleón 0-0: Called Strike
0-1: Swinging Strike
0-2: Strikes out swinging
Batting: SHB Jorge Flores 0-0: Called Strike
0-1: Called Strike
0-2: Strikes out swinging
Batting: RHB Sergio Márquez 0-0: Swinging Strike
0-1: Swinging Strike
0-2: Ball
1-2: Foul Ball, location: 2F
1-2: Ball
2-2: Foul Ball, location: 2F
2-2: Foul Ball, location: 2F
2-2: Ball
3-2: Strikes out swinging
Top of the 1st over - 0 run(s), 0 hit(s), 0 error(s), 0 left on base; Nashville 0 - Nassau 0
BOTTOM OF THE 1ST
Nassau Rockets batting - Pitching for Nashville G-Strings : LHP Bill Moore
Pitching: LHP Bill Moore
Batting: LHB Don Ramey 0-0: Called Strike
0-1: Fly out, F9 (Flyball, 9)
Batting: RHB Salvador Borbón 0-0: Swinging Strike
0-1: Swinging Strike
0-2: Ball
1-2: Ball
2-2: Strikes out swinging
Batting: RHB Rubén Matos 0-0: Ground out 6-3 (Groundball, 6)
Bottom of the 1st over - 0 run(s), 0 hit(s), 0 error(s), 0 left on base; Nashville 0 - Nassau 0
TOP OF THE 2ND
Nashville G-Strings batting - Pitching for Nassau Rockets : RHP Tomás Molina
Batting: LHB George Smith 0-0: Ball
1-0: Ball
2-0: Foul Ball, location: 2F
2-1: Ball
3-1: Base on Balls
Batting: LHB Mike Callahan 0-0: Called Strike
0-1: Ball
1-1: Ball
2-1: Ball
3-1: Base on Balls
George Smith to second
Batting: SHB Rob Grun 0-0: Swinging Strike
0-1: Swinging Strike
0-2: Strikes out swinging
Batting: LHB John Horton 0-0: Ball
1-0: Fly out, F4 (Popup, 4MD)
Batting: LHB Jesús Núñez 0-0: Called Strike
0-1: Called Strike
0-2: Strikes out swinging
Top of the 2nd over - 0 run(s), 0 hit(s), 0 error(s), 2 left on base; Nashville 0 - Nassau 0
BOTTOM OF THE 2ND
Nassau Rockets batting - Pitching for Nashville G-Strings : LHP Bill Moore
Batting: LHB Bob Martin 0-0: Ground out 4-3 (Groundball, 34)
Batting: LHB Doug Thompson 0-0: Called Strike
0-1: Ground out 1-3 (Groundball, 13)
Batting: LHB Wilson Allen 0-0: Ball
1-0: Swinging Strike
1-1: Called Strike
1-2: Fly out, F9 (Flyball, 9)
Bottom of the 2nd over - 0 run(s), 0 hit(s), 0 error(s), 0 left on base; Nashville 0 - Nassau 0
TOP OF THE 3RD
Nashville G-Strings batting - Pitching for Nassau Rockets : RHP Tomás Molina
Batting: RHB António Ortega 0-0: Ball
1-0: Ball
2-0: Ground out 6-3 (Groundball, 56)
Batting: RHB Javier Deleón 0-0: Ball
1-0: Ball
2-0: Ball
3-0: Called Strike
3-1: Foul Ball, location: 2F
3-2: DOUBLE (Flyball, 78D)
Batting: SHB Jorge Flores 0-0: Ball
1-0: Called Strike
1-1: Foul Ball, location: 2F
1-2: SINGLE (Line Drive, 6M)
Javier Deleón to third
Batting: RHB Sergio Márquez 0-0: Called Strike
0-1: Foul Ball, location: 2F
0-2: Strikes out looking
Batting: LHB George Smith 0-0: Ball
1-0: Foul Ball, location: 2F
1-1: Foul Ball, location: 2F
1-2: Foul Ball, location: 2F
1-2: Foul Ball, location: 2F
1-2: Ball
2-2: Strikes out swinging
Top of the 3rd over - 0 run(s), 2 hit(s), 0 error(s), 2 left on base; Nashville 0 - Nassau 0
BOTTOM OF THE 3RD
Nassau Rockets batting - Pitching for Nashville G-Strings : LHP Bill Moore
Batting: LHB Juan Romero 0-0: Ground out U3 (Groundball, 34)
Batting: SHB Edgardo Osorio 0-0: Called Strike
0-1: Called Strike
0-2: Strikes out looking
Batting: LHB Rafael Delgado 0-0: Ball
1-0: Swinging Strike
1-1: Swinging Strike
1-2: Strikes out swinging
Bottom of the 3rd over - 0 run(s), 0 hit(s), 0 error(s), 0 left on base; Nashville 0 - Nassau 0
TOP OF THE 4TH
Nashville G-Strings batting - Pitching for Nassau Rockets : RHP Tomás Molina
Batting: LHB Mike Callahan 0-0: Ball
1-0: Swinging Strike
1-1: Swinging Strike
1-2: Strikes out swinging
Batting: SHB Rob Grun 0-0: Ball
1-0: Called Strike
1-1: SINGLE (Groundball, 3D)
Batting: LHB John Horton 0-0: Called Strike
Rob Grun is caught stealing 2nd base
0-1: Ball
1-1: Ball
2-1: Foul Ball, location: 2F
2-2: Strikes out swinging
Top of the 4th over - 0 run(s), 1 hit(s), 0 error(s), 0 left on base; Nashville 0 - Nassau 0
BOTTOM OF THE 4TH
Nassau Rockets batting - Pitching for Nashville G-Strings : LHP Bill Moore
Batting: LHB Don Ramey 0-0: Ground out 5-3 (Groundball, 56)
Batting: RHB Salvador Borbón 0-0: Called Strike
0-1: Ball
1-1: Ball
2-1: Ball
3-1: Called Strike
3-2: Base on Balls
Batting: RHB Rubén Matos 0-0: Ball
1-0: Called Strike
1-1: Called Strike
1-2: Foul Ball, location: 2F
1-2: Ball
2-2: SINGLE (Line Drive, 8RS)
Salvador Borbón to second
Batting: LHB Bob Martin 0-0: Ball
1-0: Foul Ball, location: 2F
1-1: Ball
2-1: Foul Ball, location: 2F
2-2: Fielders Choice at 2nd, 3-6 (Groundball, 3)
Salvador Borbón to third
Batting: LHB Doug Thompson Pickoff Throw to First - Out!
Bottom of the 4th over - 0 run(s), 1 hit(s), 0 error(s), 0 left on base; Nashville 0 - Nassau 0
TOP OF THE 5TH
Nashville G-Strings batting - Pitching for Nassau Rockets : RHP Tomás Molina
Batting: LHB Jesús Núñez 0-0: Called Strike
0-1: Called Strike
0-2: Ball
1-2: Ball
2-2: Foul Ball, location: 2F
2-2: Strikes out swinging
Batting: RHB António Ortega 0-0: Ball
1-0: Foul Ball, location: 2F
1-1: SINGLE (Flyball, 8LS)
Batting: RHB Javier Deleón 0-0: Foul Ball, location: 2F
0-1: Foul Ball, location: 2F
0-2: Foul Ball, location: 2F
0-2: Foul Ball, location: 2F
0-2: Grounds into double play, 6-4-3 (Groundball, 6D)
Top of the 5th over - 0 run(s), 1 hit(s), 0 error(s), 0 left on base; Nashville 0 - Nassau 0
BOTTOM OF THE 5TH
Nassau Rockets batting - Pitching for Nashville G-Strings : LHP Bill Moore
Batting: LHB Doug Thompson 0-0: Swinging Strike
0-1: Fly out, F2 (Popup, P)
Batting: LHB Wilson Allen 0-0: Ball
1-0: Called Strike
1-1: Called Strike
1-2: Foul Ball, location: 2F
1-2: Foul Ball, location: 2F
1-2: Foul Ball, location: 2F
1-2: DOUBLE (Line Drive, 89XD)
Batting: LHB Juan Romero 0-0: Ball
1-0: Ball
2-0: Fly out, F7 (Flyball, 78XD)
Runner from 2nd tags up, SAFE at 3rd, no throw
Batting: SHB Edgardo Osorio 0-0: Called Strike
0-1: Called Strike
0-2: Ground out 6-3 (Groundball, 6)
Bottom of the 5th over - 0 run(s), 1 hit(s), 0 error(s), 1 left on base; Nashville 0 - Nassau 0
TOP OF THE 6TH
Nashville G-Strings batting - Pitching for Nassau Rockets : RHP Tomás Molina
Batting: SHB Jorge Flores 0-0: Called Strike
0-1: Ground out U3 (Groundball, 34)
Batting: RHB Sergio Márquez 0-0: Ball
1-0: Fly out, F7 (Flyball, 78S)
Batting: LHB George Smith 0-0: SINGLE (Groundball, 6MD)
Batting: LHB Mike Callahan 0-0: Called Strike
0-1: Swinging Strike
0-2: Ball
1-2: Ball
2-2: Fly out, F8 (Flyball, 8LD)
Top of the 6th over - 0 run(s), 1 hit(s), 0 error(s), 1 left on base; Nashville 0 - Nassau 0
BOTTOM OF THE 6TH
Nassau Rockets batting - Pitching for Nashville G-Strings : LHP Bill Moore
Batting: LHB Rafael Delgado 0-0: Called Strike
0-1: Ball
1-1: Ball
2-1: Foul Ball, location: 2F
2-2: Foul Ball, location: 2F
2-2: Ball
3-2: Foul Ball, location: 2F
3-2: Foul Ball, location: 2F
3-2: SINGLE (Line Drive, 34)
Batting: LHB Don Ramey 0-0: Ball
1-0: Ball
2-0: Foul Ball, location: 2F
2-1: SINGLE (Groundball, 4MS) (infield hit)
Rafael Delgado to second
Batting: RHB Salvador Borbón 0-0: Called Strike
0-1: DOUBLE (Line Drive, 78D)
Rafael Delgado scores
Don Ramey to third
Runner from 3rd tries for Home, SAFE, no throw
Pinch Runner at 2nd Pete Harvey:
Batting: RHB Rubén Matos 0-0: Called Strike
0-1: Ground out 4-3 (Groundball, 4)
Pete Harvey to third
Batting: LHB Bob Martin 0-0: Ball
1-0: Ball
2-0: Ball
3-0: Called Strike
3-1: SINGLE (Line Drive, 4)
Pete Harvey scores
Batting: LHB Doug Thompson 0-0: Called Strike
0-1: Foul Ball, location: 2F
0-2: Ball
1-2: Ball
2-2: Fly out, F2 (Popup, 2L)
Batting: LHB Wilson Allen 0-0: Ball
1-0: Called Strike
1-1: Ball
2-1: Called Strike
2-2: Strikes out swinging
Bottom of the 6th over - 3 run(s), 4 hit(s), 0 error(s), 1 left on base; Nashville 0 - Nassau 3
TOP OF THE 7TH
Nashville G-Strings batting - Pitching for Nassau Rockets : RHP Tomás Molina
Now at SS: Pete Harvey
Batting: SHB Rob Grun 0-0: Ball
1-0: Called Strike
1-1: Foul Ball, location: 2F
1-2: Ball
2-2: Fly out, F9 (Flyball, 9)
Batting: LHB John Horton 0-0: Called Strike
0-1: Called Strike
0-2: Ball
1-2: Strikes out swinging
Batting: LHB Jesús Núñez 0-0: Ball
1-0: Foul Ball, location: 2F
1-1: Swinging Strike
1-2: Ball
2-2: DOUBLE (Line Drive, 8RD)
Batting: RHB António Ortega 0-0: Called Strike
0-1: Foul Ball, location: 2F
0-2: Foul Ball, location: 2F
0-2: Ball
1-2: Foul Ball, location: 2F
1-2: Ball
2-2: Ball
3-2: Foul Ball, location: 2F
3-2: Base on Balls
Pitching: RHP Juan Franco
Batting: RHB Javier Deleón 0-0: Ball
1-0: Ball
2-0: Called Strike
2-1: Ball
3-1: Base on Balls
Jesús Núñez to third
António Ortega to second
Batting: SHB Jorge Flores 0-0: Called Strike
0-1: Called Strike
0-2: Ball
1-2: Ball
2-2: SINGLE (Groundball, 6D)
Jesús Núñez scores
António Ortega to third
Javier Deleón to second
Batting: RHB Sergio Márquez 0-0: Foul Ball, location: 2F
0-1: Ball
1-1: Fielders Choice at 2nd, 6-4 (Groundball, 6)
Top of the 7th over - 1 run(s), 2 hit(s), 0 error(s), 2 left on base; Nashville 1 - Nassau 3
BOTTOM OF THE 7TH
Nassau Rockets batting - Pitching for Nashville G-Strings : LHP Bill Moore
Batting: LHB Juan Romero 0-0: Called Strike
0-1: Ball
1-1: Called Strike
1-2: Ball
2-2: Ball
3-2: Foul Ball, location: 2F
3-2: Fly out, F5 (Popup, 5L)
Batting: SHB Edgardo Osorio 0-0: Ball
1-0: Foul Ball, location: 2F
1-1: Foul Ball, location: 2F
1-2: Strikes out swinging
Batting: LHB Rafael Delgado 0-0: Called Strike
0-1: Ball
1-1: Swinging Strike
1-2: Ball
2-2: Strikes out swinging
Bottom of the 7th over - 0 run(s), 0 hit(s), 0 error(s), 0 left on base; Nashville 1 - Nassau 3
TOP OF THE 8TH
Nashville G-Strings batting - Pitching for Nassau Rockets : RHP Juan Franco
Batting: LHB George Smith 0-0: Ball
1-0: Ball
2-0: Fly out, F7 (Flyball, 7D)
Batting: LHB Mike Callahan 0-0: Ball
1-0: Ground out 4-3 (Groundball, 4)
Batting: SHB Rob Grun 0-0: Called Strike
0-1: Ball
1-1: Ball
2-1: SINGLE (Groundball, 56S) (infield hit)
Pitching: LHP Luis Valentín
Batting: LHB John Horton 0-0: Called Strike
0-1: Foul Ball, location: 2F
0-2: Strikes out swinging
Top of the 8th over - 0 run(s), 1 hit(s), 0 error(s), 1 left on base; Nashville 1 - Nassau 3
BOTTOM OF THE 8TH
Nassau Rockets batting - Pitching for Nashville G-Strings : LHP Bill Moore
Pitching: RHP Junior Mateo
Batting: LHB Don Ramey 0-0: Ball
1-0: Ball
2-0: Ball
3-0: Base on Balls
Batting: RHB Pete Harvey 0-0: SINGLE (Flyball, 9S)
Don Ramey to second
Runner from 2nd tries for 3rd, OUT!
Batting: RHB Rubén Matos 0-0: Foul Ball, location: 2F
0-1: Called Strike
0-2: Strikes out looking
Pitching: LHP Raúl Sandoval
Batting: LHB Bob Martin 0-0: Ball
1-0: Ball
2-0: Foul Ball, location: 2F
2-1: Foul Ball, location: 2F
2-2: Foul Ball, location: 2F
2-2: Fly out, F9 (Line Drive, 9)
Bottom of the 8th over - 0 run(s), 1 hit(s), 0 error(s), 1 left on base; Nashville 1 - Nassau 3
TOP OF THE 9TH
Nashville G-Strings batting - Pitching for Nassau Rockets : LHP Luis Valentín
Pitching: RHP Nolan Baker
Batting: LHB Jesús Núñez 0-0: Fly out, F9 (Flyball, 9LMF)
Batting: RHB António Ortega 0-0: Called Strike
0-1: Ball
1-1: Ball
2-1: Ball
3-1: Base on Balls
Batting: RHB Javier Deleón 0-0: Called Strike
0-1: Foul Ball, location: 2F
0-2: Ball
1-2: Strikes out swinging
Batting: SHB Jorge Flores 0-0: Called Strike
0-1: Ball
1-1: SINGLE (Line Drive, 78M)
António Ortega to second
Batting: RHB Sergio Márquez 0-0: Ball
1-0: Ball
2-0: Called Strike
2-1: Called Strike
2-2: Foul Ball, location: 2F
2-2: Foul Ball, location: 2F
2-2: Strikes out swinging
Top of the 9th over - 0 run(s), 1 hit(s), 0 error(s), 2 left on base; Nashville 1 - Nassau 3
Tuesday, August 8th, 2017 - OOTP Baseball 17.12 Build 75